 Dungeon Crawl Stone Soup version 0.31-a0-1112-ga3593d9213 (webtiles) character file.

Game seed: 11999625795595572567

1953 Gelogger the Gusty (level 8, -10/62 HPs)
             Began as a Pale Draconian Air Elementalist on Nov 28, 2023.
             Was an Initiate of Sif Muna.
             Mangled by an acid dragon (12 damage)
             ... on level 7 of the Dungeon on Dec 4, 2023.
             The game lasted 01:11:11 (7826 turns).

Gelogger the Gusty (DrAE)                           Turns: 7826, Time: 01:11:11

Health: -10/62     AC:  8    Str: 11    XL:     8   Next: 99%
Magic:  5/16       EV: 13    Int: 17    God:    Sif Muna [......]
Gold:   234        SH:  0    Dex: 12    Spells: 17/18 levels left

rFire   . . .        i - +0 quarterstaff (chaos)
rCold   . . .        (shield currently unavailable)
rNeg    . . .        (body armour unavailable)
rPois   .            (helmet restricted)
rElec   .            (no cloak)
rCorr   .            b - +1 pair of gloves
SInv    .            (no boots)
Will    +....        c - amulet of the acrobat
Stlth   ++           j - +4 ring of protection
HPRegen 0.30/turn    m - ring of flight
MPRegen 0.15/turn

%: acrobat
@: corroded, enlightened, flying
A: breathe steam, AC +6, unfitting armour, cold-blooded, steam resistance
a: Breathe Steam, Renounce Religion


You were on level 7 of the Dungeon.
You worshipped Sif Muna.
Sif Muna was noncommittal.
You visited 2 branches of the dungeon, and saw 8 of its levels.
You also visited: Sewer.

You collected 234 gold pieces.

Inventory:

Hand Weapons
 f - a +1 short sword of electrocution
 i - a +0 quarterstaff of chaos (weapon)
Missiles
 A - 3 poisoned darts (quivered)
Armour
 b - a +1 pair of gloves (worn)
 s - a +0 pair of boots
Jewellery
 c - an amulet of the acrobat (around neck)
 j - a +4 ring of protection (left hand)
 m - a ring of flight (right hand)
 r - a ring of positive energy
Wands
 k - a wand of iceblast (5)
Scrolls
 l - 2 scrolls of teleportation
 o - a scroll of poison {unknown}
 q - a scroll of brand weapon
 t - 2 scrolls of fog {unknown}
 x - a scroll of amnesia {unknown}
 y - 2 scrolls of enchant weapon
 z - 3 scrolls of fear
Potions
 a - a potion of magic
 h - 4 potions of attraction
 n - a potion of cancellation
 p - a potion of lignification {unknown}
 u - a potion of invisibility {unknown}
 v - a potion of mutation {unknown}
 w - 6 potions of enlightenment
 B - a potion of haste
 C - a potion of berserk rage {unknown}


   Skills:
 + Level 2.3 Fighting
 + Level 1.1 Short Blades
 + Level 3.7 Staves
 + Level 0.1 Throwing
 + Level 4.0 Dodging
 + Level 2.6 Stealth
 + Level 0.3 Unarmed Combat
 + Level 5.9 Spellcasting
 + Level 5.2 Conjurations
 + Level 6.4 Air Magic


You had 17 spell levels left.
You knew the following spells:

 Your Spells              Type           Power      Damage    Failure   Level
a - Shock                 Conj/Air       96%        1d9       1%          1

Your spell library contained the following spells:

 Spells                   Type           Power      Damage    Failure   Level
 Static Discharge         Conj/Air       48%        3-5/arc   1%          2
 Swiftness                Air            26%        N/A       2%          3
 Airstrike                Air            13%        2d(2-18)  10%         4
 Freeze                   Ice            20%        1d4       13%         1
 Hailstorm                Conj/Ice       13%        3d5       13%         3
 Lesser Beckoning         Tloc           10%        N/A       21%         2
 Frozen Ramparts          Ice            10%        1d2       36%         3
 Gell's Gravitas          Tloc           5%         N/A       36%         3
 Inner Flame              Hex/Fire       5%         N/A       36%         3
 Teleport Other           Tloc           5%         N/A       36%         3
 Yara's Violent Unravell  Hex/Tmut       2%         3d3       98%         5
 Enfeeble                 Hex            2%         N/A       100%        7


Dungeon Overview and Level Annotations

Branches:
Dungeon (7/15)             Temple (1/1) D:5           Sewer (visited)

Altars:
Ashenzari
Cheibriados
Dithmenos
Elyvilon
Fedhas
Kikubaaqudgha
Makhleb
Nemelex Xobeh
Ru
Sif Muna
Trog
Uskayaw
Vehumet
Wu Jian
Xom
Zin
The Shining One

Shops:
D:2 (


Innate Abilities, Weirdness & Mutations

You can breathe blasts of scalding, opaque steam.
Your pale cyan-grey scales are hard. (AC +6)
You cannot fit into any form of body armour.
You are cold-blooded and may be slowed by cold attacks.
You are immune to the effects of steam.


Message History

Confirm with . or Enter, or press ? or * to list all spells.
Aiming: Shock (safe; 1% risk of failure)
Press: ? - help, Shift-Dir - straight line, f/p - acid dragon
Aim: an acid dragon (severely wounded, catching its breath, 74% to hit)
The zap hits the acid dragon but does no damage.
The acid dragon is severely wounded.
You feel sick. The acid dragon bites you. The acid dragon closely misses you.
Casting: Shock (safe; 1% risk of failure)
Confirm with . or Enter, or press ? or * to list all spells.
Aiming: Shock (safe; 1% risk of failure)
Press: ? - help, Shift-Dir - straight line, f/p - acid dragon
Aim: an acid dragon (severely wounded, catching its breath, 74% to hit)
The zap hits the acid dragon but does no damage.
The acid dragon is severely wounded.
You feel sick. The acid dragon bites you!
* * * LOW HITPOINT WARNING * * *
The acid dragon barely misses you.
Casting: Shock (safe; 1% risk of failure)
Confirm with . or Enter, or press ? or * to list all spells.
Aiming: Shock (safe; 1% risk of failure)
Press: ? - help, Shift-Dir - straight line, f/p - acid dragon
Aim: an acid dragon (severely wounded, catching its breath, 74% to hit)
The zap hits the acid dragon but does no damage.
The acid dragon is severely wounded.
You feel sick. The acid dragon bites you.
* * * LOW HITPOINT WARNING * * *
The acid dragon claws you but does no damage.
You feel more buoyant.
You feel sick. The acid dragon closely misses you. x2
Casting: Shock (safe; 1% risk of failure)
Confirm with . or Enter, or press ? or * to list all spells.
Aiming: Shock (safe; 1% risk of failure)
Press: ? - help, Shift-Dir - straight line, f/p - acid dragon
Aim: an acid dragon (severely wounded, 74% to hit)
The zap hits the acid dragon but does no damage.
The acid dragon is severely wounded.
You feel sick.
You are no longer poisoned.
The acid dragon bites you!
You die...

#######
#.....
###.#)#.#.#.
#@D.........
#.##########
#.## #..##
##..####
##....## ..
####..### ..
##...# ?.
###.# ..


You could see an acid dragon.

Vanquished Creatures
  A water moccasin (D:6)
  3 orc warriors (D:6)
  An ogre (D:5)
  A sky beast (D:6)
  Blork the orc (D:5)
  2 bullfrogs (D:6)
  2 scorpions
  2 gnoll sergeants (D:6)
  4 wights (D:4)
  A howler monkey (D:5)
  A jelly (D:7)
  2 hounds
  3 orc priests
  6 iguanas
  14 adders
  A gnoll (D:6)
  5 river rats (Sewer)
  2 shadow imps
  A white imp (D:5)
  2 ufetubi (D:7)
  4 worms
  6 dart slugs
  14 orcs
  13 ball pythons
  5 endoplasms
  5 giant cockroaches
  7 hobgoblins
  7 jackals
  8 quokkas
  10 bats
  3 frilled lizards
  6 goblins
  5 kobolds
  6 rats
154 creatures vanquished.

Vanquished Creatures (collateral kills)
  A gnoll sergeant (D:6)
  An iguana (D:6)
2 creatures vanquished.

Vanquished Creatures (others)
  A water moccasin zombie (D:6)
1 creature vanquished.

Grand Total: 157 creatures vanquished

Notes
Turn   | Place    | Note
-------+----------+-------------------------------------------
     0 | D:1      | Gelogger the Draconian Air Elementalist began the quest for
                  | the Orb.
     0 | D:1      | Reached XP level 1. HP: 14/14 MP: 3/3
   214 | D:1      | Reached XP level 2. HP: 20/20 MP: 0/5
   545 | D:1      | You fall into a shaft and drop 1 floor!
   597 | D:2      | Found Vycsir's Antique Weapon Emporium.
   665 | D:2      | Reached XP level 3. HP: 26/26 MP: 0/6
   905 | D:2      | Reached skill level 1 in Short Blades
  1023 | D:2      | Found a faded altar of an unknown god.
  1367 | D:2      | Reached XP level 4. HP: 33/33 MP: 0/7
  3197 | D:4      | Found a glowing drain.
  3210 | Sewer    | Entered a sewer
  3336 | Sewer    | Reached XP level 5. HP: 38/38 MP: 1/9
  3757 | Sewer    | Reached skill level 1 in Staves
  3958 | Sewer    | Reached skill level 4 in Air Magic
  4177 | D:4      | Reached XP level 6. HP: 42/46 MP: 1/10
  4216 | D:4      | Found a burning altar of Makhleb.
  4419 | D:4      | Reached skill level 1 in Fighting
  4602 | D:4      | Your scales start taking on a pale cyan-grey colour.
  4602 | D:4      | Reached XP level 7. HP: 39/52 MP: 1/12
  4602 | D:4      | Gained mutation: You are immune to the effects of steam.
                  | [Pale Draconian growth]
  5005 | D:5      | Entered Level 5 of the Dungeon
  5063 | D:5      | Reached skill level 5 in Air Magic
  5472 | D:5      | Noticed Blork the orc
  5492 | D:5      | Killed Blork the orc
  5647 | D:5      | Found a staircase to the Ecumenical Temple.
  5652 | Temple   | Entered the Ecumenical Temple
  5658 | Temple   | Became a worshipper of Sif Muna the Loreminder
  5948 | D:6      | Identified the +0 sling of the Ageless Queens {drain, rF+
                  | Str+2}
  6117 | D:6      | Found a broken altar of Ashenzari.
  6342 | D:6      | Reached XP level 8. HP: 60/60 MP: 6/15
  6472 | D:6      | Reached skill level 5 in Spellcasting
  6644 | D:6      | Reached skill level 6 in Air Magic
  6691 | D:6      | Upgraded the game from 0.31-a0-1084-gb392501acf to
                  | 0.31-a0-1112-ga3593d9213
  6784 | D:6      | HP: 2/61 [orc warrior/+0 trident (13)]
  7027 | D:6      | Reached skill level 5 in Conjurations
  7824 | D:7      | HP: 3/62 [acid dragon (5)]
  7826 | D:7      | Mangled by an acid dragon

Illustrated notes

Levels and vault maps discovered:
D:1:      dpeg_arrival_lava_temple_mockup, layout_rooms
D:2:      layout_loops_ring, serial_shops, nicolae_lakefront_shop,
          shapermc_ecumenical_altar_petra, st_stairs_14, minmay_close_crescents
D:3:      layout_basic
D:4:      layout_cave_pods, mainiacjoe_overflow_boulevard, portal_sewer_entry_b,
          st_stairs_13
D:5:      layout_loops_ring, temple_doors_cd, grunt_decor_junction,
          minmay_misc_feat_ornament, uniq_blork_the_orc
D:6:      minmay_razor_zed, layout_loops_cross, lemuel_tele_altar,
          dreamdust_princess_bridge
D:7:      layout_cave_pools, nicolae_overflow_two_pavilions,
          grunt_qazlal_clouds, serial_bayou_pond_d, dk_vineyard_2,
          hangedman_minor_gate_pass
Temple:   hellmonk_temple_two_chambers

Skill      XL: |  1  2  3  4  5  6  7  8 |
---------------+-------------------------+-----
Dodging        | 2 3 4 |  4.0
Short Blades   | 1 |  1.1
Stealth        | 2 |  2.6
Conjurations   | 2 3 4 5 |  5.2
Staves         | 1 2 3 |  3.7
Air Magic      | 4 5 6 |  6.4
Spellcasting   | 3 4 5 |  5.9
Fighting       | 1 2 |  2.3
Throwing       | |  0.1
Unarmed Combat | |  0.3

Action                     |  1- 3 |  4- 6 |  7- 9 || total
---------------------------+-------+-------+-------++-------
  Melee: Unarmed           |    20 |       |       ||    20
         Tailslap          |    12 |    21 |     9 ||    42
         Punch             |     1 |       |       ||     1
         Short sword       |    35 |       |       ||    35
         Quarterstaff      |     9 |   120 |    86 ||   215
  Throw: Dart              |       |       |     3 ||     3
   Cast: Shock             |    73 |   158 |   171 ||   402
    Use: Scroll            |       |     2 |     9 ||    11
         Potion            |       |       |     5 ||     5
   Stab: Sleeping          |     1 |       |       ||     1
 Armour: Skin              |    38 |   132 |   111 ||   281
  Dodge: Dodged            |    78 |   220 |   138 ||   436

Table legend: (Time is in decaauts)
 A = Elapsed time spent in this place.
 B = Non-inter-level travel time spent in this place.
 C = Inter-level travel time spent in this place.
 D = Time resting spent in this place.
 E = Time spent auto-exploring this place.
 F = Levels seen in this place.
 G = Mean time per level.
                   A        B        C        D        E       F      G
               +--------+--------+--------+--------+--------+-----+--------+
         Total |   8024 |   7536 |    488 |    123 |      0 |   9 |  891.6 |
       Dungeon |   6995 |   6507 |    488 |    123 |      0 |   7 |  999.3 |
        Temple |     12 |     12 |      0 |      0 |      0 |   1 |   12.0 |
         Sewer |   1015 |   1015 |      0 |      0 |      0 |   1 | 1015.0 |
               +--------+--------+--------+--------+--------+-----+--------+

Top non-repeatable levels by time:
     D:4: 1288 daAuts
     D:6: 1277 daAuts
     D:3: 1174 daAuts
     D:5: 1167 daAuts
     D:2: 1085 daAuts
   Sewer: 1015 daAuts
     D:1: 829 daAuts
     D:7: 173 daAuts
  Temple: 12 daAuts
